 Dungeon Crawl Stone Soup version 0.23-a0-445-g768d57b80b (webtiles) character file.

88 Rrauwl the Gusty (level 4, 0/49 HPs)
             Began as a Barachi Air Elementalist on Nov 17, 2018.
             Killed from afar by an orc wizard (8 damage)
             ... with a puff of flame
             ... on level 3 of the Dungeon.
             The game lasted 00:10:43 (2247 turns).

Rrauwl the Gusty (Barachi Air Elementalist)         Turns: 2247, Time: 00:10:43

Health: 0/49       AC: 22    Str: 14 (15) XL:     4   Next: 54%
Magic:  7/8        EV:  2    Int: 15 (16) God:
Gold:   103        SH:  3    Dex: 10 (12) Spells: 5/8 levels left

rFire    . . .     SeeInvis .   p - +2 whip (venom)
rCold    + . .     Gourm    .   f - +0 buckler
rNeg     + + +     Faith    .   (armour currently unavailable)
rPois    +         Spirit   .   (helmet currently unavailable)
rElec    .         Reflect  .   (cloak currently unavailable)
rCorr    .         Harm     .   (gloves currently unavailable)
MR       .....     NoTele   +   (boots currently unavailable)
Stlth    ++........             (no amulet)
HPRegen  0.16/turn              l - ring of protection from cold
MPRegen  0.11/turn              (no ring)

@: mighty, tree-form
A: +LOS, swims
a: no special abilities


You were on level 3 of the Dungeon.
You were hungry.
You were a tree.
You visited 1 branch of the dungeon, and saw 3 of its levels.

You collected 103 gold pieces.

Inventory:

Hand Weapons
 p - a +2 whip of venom (weapon)
Armour
 a - a +0 robe (melded)
 f - a +0 buckler (worn)
 n - a +0 pair of boots (melded)
Jewellery
 l - a ring of protection from cold (left branch)
Scrolls
 g - a scroll of remove curse {unknown}
 i - a scroll of identify {unknown}
Potions
 e - a potion of flight {unknown}
 h - a potion of mutation {unknown}
 k - a potion of ambrosia
 m - 2 potions of curing {unknown}
Comestibles
 c - 3 rations


   Skills:
 + Level 1.7 Fighting
 + Level 2.8 Dodging
 - Level 2.0 Stealth
 + Level 1.3 Shields
 + Level 2.7 Spellcasting
 + Level 2.0 Conjurations
 + Level 3.7 Air Magic


You had 5 spell levels left.
You knew the following spells:

 Your Spells              Type           Power        Failure   Level  Hunger
a - Shock                 Conj/Air       ##..         9%          1    #......
b - Swiftness             Chrm/Air       #.......     21%         2    ##.....

Your spell library contained the following spells:

 Spells                   Type           Power        Failure   Level  Hunger
 Static Discharge         Conj/Air       ##......     26%         3    ###....
 Airstrike                Air            ##........   52%         4    #####..
 Lightning Bolt           Conj/Air       ##........   94%         5    ######.


Dungeon Overview and Level Annotations

Branches:
Dungeon (3/15)

Altars:


Innate Abilities, Weirdness & Mutations

Shadows flee at your approach. (+LOS)
You can swim through water.
((You cover ground slowly.))
((You can hop short distances.))


Message History

You feel less confused.
The orc wizard hits you but does no damage.
You block the orc's attack. Something hits you but does no damage.
You barely miss the orc wizard.
The orc wizard is severely wounded.
You block the orc wizard's attack. The orc completely misses you.
The orc wizard hits you but does no damage.
Something hits you but does no damage.
You whack the orc wizard!
You kill the orc wizard!
You feel your dexterity returning.
Your Conjurations skill increases to level 2!
The orc hits you but does no damage. Something hits you but does no damage.
You hit something. The orc hits you but does no damage.
You block something's attack.
You closely miss something. The orc hits you but does no damage.
You hear some strange, mumbled words.
A puff of flame appears from out of thin air!
The puff of flame hits you!
You die...

. #. ### .. #. #.# ...
#.####.# .... #......#
..... ...#.....##+# #....
##.###.#.#######
#.....###+##.#...#........
#.....){(.(#......!.....
#.....o♣..#######.......
#.........# #.......
#.........# #.......
#.........# #.......
########### #..)<...
#....... ##.....# #####.#
.#


You could see an orc.

Vanquished Creatures
  An orc wizard (D:3)
  An adder (D:2)
  An ooze (D:1)
  2 leopard geckos (D:1)
  2 giant cockroaches (D:2)
  9 goblins
  3 hobgoblins
  3 jackals
  4 bats (D:1)
  2 frilled lizards (D:1)
  5 kobolds
  13 rats (D:1)
46 creatures vanquished.

Notes
Turn   | Place    | Note
-------+----------+-------------------------------------------
     0 | D:1      | Rrauwl the Barachi Air Elementalist began the quest for the
                  | Orb.
     0 | D:1      | Reached XP level 1. HP: 13/13 MP: 3/3
   120 | D:1      | Reached XP level 2. HP: 17/19 MP: 0/5
   195 | D:1      | Learned a level 2 spell: Swiftness
   477 | D:1      | Reached skill level 1 in Fighting
   477 | D:1      | Reached XP level 3. HP: 21/26 MP: 3/6
  1969 | D:2      | Reached skill level 1 in Shields
  2195 | D:3      | Reached XP level 4. HP: 32/32 MP: 7/7
  2247 | D:3      | Killed from afar by an orc wizard

Vault maps used:
D:1:      erik_arrival_orb_chamber
D:2:      minmay_close_crescents
D:3:      doesnt_xom_only_xom

Skill      XL: |  1  2  3  4 |
---------------+-------------+-----
Stealth        | 2 |  2.0
Fighting       | 1 |  1.7
Shields        | 1 |  1.3
Conjurations   | 2 |  2.0
Dodging        | |  2.8
Spellcasting   | |  2.7
Air Magic      | |  3.7

Action                   |  1- 3 |  4- 6 || total
-------------------------+-------+-------++-------
Melee: Unarmed           |    15 |       ||    15
       Club              |    41 |       ||    41
       Whip              |     1 |    16 ||    17
 Cast: Shock             |    61 |       ||    61
  Use: Potion            |       |     5 ||     5
 Stab: Sleeping          |     1 |       ||     1
  Eat: Chunk             |     5 |       ||     5
Armor: Robe              |    21 |     3 ||    24
       Skin              |       |    14 ||    14
Dodge: Dodged            |    58 |    13 ||    71
Block: Buckler           |    15 |     5 ||    20

Table legend:
 A = Non-vault XP
 B = Vault XP
 C = Vault XP percentage of total XP
 D = Non-vault monster count
 E = Vault monster count
 F = Vault count percentage of total count
                 A         B        C        D         E       F
            +---------+---------+-------+---------+---------+-------
      Total |      97 |      30 |  23.6 |      31 |      15 |  32.6
            +---------+---------+-------+---------+---------+-------
        D:1 |      33 |      14 |  29.8 |      17 |      13 |  43.3
        D:2 |      18 |      16 |  47.1 |      10 |       2 |  16.7
        D:3 |      46 |       0 |   0.0 |       4 |       0 |   0.0
            +---------+---------+-------+---------+---------+-------
